 Dungeon Crawl Stone Soup version 0.29-a0-551-gffc1d7fb78 (webtiles) character file.

Game seed: 16906553450834480275

4713 oldmanjim the Fighter (level 10, -4/93 HPs)
             Began as a Minotaur Fighter on June 5, 2022.
             Was a Believer of Okawaru.
             Slain by an orc warlord
             ... wielding a +2 glaive of protection
              (37 damage)
             ... in a bailey.
             The game lasted 00:36:24 (6924 turns).

oldmanjim the Fighter (Minotaur Fighter)            Turns: 6924, Time: 00:36:25

Health: -4/93      AC: 10    Str: 25    XL:     10   Next: 22%
Magic:  10/11      EV: 13    Int: 11    God:    Okawaru [**....]
Gold:   238        SH:  6    Dex:  8    Spells: 9/9 levels left

rFire   . . .      SeeInvis +   a - +0 trident
rCold   . . .      Faith    .   c - +0 buckler
rNeg    . . .      Spirit   .   s - +0 scale mail of Elyvilon's Reproof {Dex-2 Slay+4 SInv}
rPois   .          Reflect  .   (helmet restricted)
rElec   .          Harm     .   (no cloak)
rCorr   .          Rampage  .   y - +0 pair of gloves
Will    +....                   (no boots)
Stlth   +.........              E - amulet of regeneration
HPRegen 1.05/turn               n - ring of willpower
MPRegen 0.12/turn               H - +6 ring of intelligence

@: heroic, hasted, very quick
A: horns 2, retaliatory headbutt
a: Renounce Religion, Heroism


You were in a bailey.
You worshipped Okawaru.
Okawaru was pleased with you.
You visited 2 branches of the dungeon, and saw 8 of its levels.
You also visited: Bailey.

You collected 238 gold pieces.

Inventory:

Hand Weapons
 a - a +0 trident (weapon)
 b - a +2 vorpal hunting sling
 F - a +4 mace of freezing
Missiles
 e - 85 stones
 f - 25 poisoned darts (quivered)
Armour
 c - a +0 buckler (worn)
 s - the +0 scale mail of Elyvilon's Reproof (worn) {Dex-2 Slay+4 SInv}
   (You found it on level 2 of the Dungeon)

   Dex:       It affects your dexterity (-2).
   Slay:      It affects your accuracy & damage with ranged weapons and melee
   (+4).
   SInv:      It lets you see invisible.
 w - a +0 plate armour
 y - a +0 pair of gloves (worn)
Jewellery
 n - a ring of willpower (left hand)
 E - an amulet of regeneration (around neck)
 H - a +6 ring of intelligence (right hand)
Wands
 k - a wand of digging (5)
 x - a wand of acid (7)
 B - a wand of iceblast (6)
Scrolls
 h - 2 scrolls of amnesia {unknown}
 i - 2 scrolls of teleportation
 j - a scroll of enchant weapon {unknown}
 l - 2 scrolls of fog {unknown}
 o - a scroll of blinking {unknown}
 p - a scroll of immolation
 q - a scroll of silence
 r - a scroll of fear {unknown}
 t - a scroll of enchant armour {unknown}
 C - 4 scrolls of identify
 G - 2 scrolls of noise {unknown}
 I - a scroll of magic mapping {unknown}
Potions
 d - a potion of heal wounds {unknown}
 g - 4 potions of magic
 m - 2 potions of brilliance
 u - 3 potions of cancellation {unknown}
 v - a potion of haste
 z - 4 potions of curing {unknown}
 A - 2 potions of attraction {unknown}
 D - a potion of ambrosia {unknown}


   Skills:
 - Level 10.0(15.0) Fighting
 - Level 7.0(12.0) Polearms
 - Level 7.0(12.0) Armour
 + Level 6.8(11.8) Dodging
 - Level 7.0(12.0) Shields
 + Level 3.9 Invocations
 + Level 4.8 Evocations


You had 9 spell levels left.
You didn't know any spells.
Your spell library contained the following spells:

 Spells                   Type           Power      Damage    Failure   Level
 Beastly Appendage        Tmut           0%         N/A       63%         1
 Sting                    Tmut/Pois      0%         1d3       63%         1
 Poisonous Vapours        Pois/Air       0%         N/A       77%         2
 Wereblood                Tmut           0%         N/A       77%         2
 Spider Form              Tmut/Pois      0%         N/A       94%         3
 Olgreb's Toxic Radiance  Pois           0%         N/A       100%        4


Dungeon Overview and Level Annotations

Branches:
Dungeon (7/15)             Temple (1/1) D:6          Bailey (1/1)

Altars:
Ashenzari
Cheibriados
Dithmenos
Elyvilon
Fedhas
Gozag
Hepliaklqana
Kikubaaqudgha
Makhleb
Nemelex Xobeh
Okawaru
Qazlal
Ru
Sif Muna
Trog
Uskayaw
Vehumet
Wu Jian
Xom
Yredelemnul
Zin
The Shining One

Annotations:
D:5 1 runed translucent door, exclusion: door, kyalle's ghost, novice NaFi


Innate Abilities, Weirdness & Mutations

You have a pair of horns on your head.
You reflexively headbutt those who attack you in melee.


Message History

You reach to attack!
You hit the gnoll.
The gnoll is lightly wounded.
You barely miss the gnoll.
The gnoll is lightly wounded.
You puncture the gnoll!
You kill the gnoll!
Okawaru accepts your kill.
You reach to attack!
You puncture the orc warlord!
The orc warlord is lightly wounded.
You reach to attack!
You barely miss the orc warlord.
The orc warlord is lightly wounded.
The orc warlord misses you.
You barely miss the goblin. You hit the goblin. You headbutt the goblin.
The goblin is severely wounded.
The goblin closely misses you.
The orc warlord hits you from afar with a +2 glaive of protection!!!
Ouch! That really hurt!
You are too injured to fight recklessly!
Unknown command.
You hit the goblin.
You kill the goblin!
Okawaru accepts your kill. You block the orc knight's attack.
The orc warlord barely misses you. You furiously retaliate!
You headbutt the orc warlord!
There is an open door, spattered with blood here.
Items here: ))))) [[[[[ †††.
You hit the orc knight but do no damage.
You barely miss the orc warlord. You headbutt the orc warlord.
The orc warlord is lightly wounded.
You block the orc knight's attack.
The orc warlord hits you with a +2 glaive of protection!
You hit the orc warlord but do no damage.
The orc warlord is lightly wounded.
You hit the orc warlord.
The orc warlord is moderately wounded.
The orc knight barely misses you. You furiously retaliate!
You headbutt the orc knight.
The orc warlord hits you with a +2 glaive of protection!!!
You die...

..........#.[.........#
.[........#...........#
[[.......###........[###
'#.....###.###.....#[#.###
.###.###
....###.###.....### ...###
......###.........## ....#
......##8..........# ....#
.......#8..........# ....#
......o@.....⌠....∩# ....#
......o#8..........# ....#
......##8..........#
...###
......###.........##
.###.###
....###.###.....###
'#.....###.###.....#+#.###
)).......###.........###
..........#...........#
..........#...........#


You could see an orc warlord (strong) and an orc knight (strong).

Vanquished Creatures
  Pikel (D:4)
  Maggie (D:7)
  Grinder (D:5)
  Menkaure (D:7)
  A water moccasin (D:6)
  Duvessa (D:4)
  2 ice beasts (D:6)
  4 black bears
  An ogre (D:6)
  13 orc warriors (Bailey)
  A sky beast (D:6)
  A centaur (D:6)
  A lemure (D:4)
  A kobold brigand (D:6)
  A necrophage (D:6)
  A scorpion (D:5)
  A bullfrog (D:6)
  4 wights
  Dowan (D:4)
  3 killer bees (D:7)
  4 hounds
  4 jellies
  2 orc priests
  5 iguanas
  An orc wizard (D:4)
  6 gnolls
  12 adders
  A shadow imp (D:6)
  5 white imps
  3 ufetubi
  A worm (D:4)
  3 dart slugs
  20 orcs
  6 bats
  3 endoplasms
  14 goblins
  18 hobgoblins
  4 jackals
  2 quokkas
  2 frilled lizards
  9 kobolds
  7 rats
173 creatures vanquished.

Notes
Turn   | Place    | Note
-------+----------+-------------------------------------------
     0 | D:1      | oldmanjim the Minotaur Fighter began the quest for the Orb.
     0 | D:1      | Reached XP level 1. HP: 19/19 MP: 0/0
   206 | D:1      | Reached XP level 2. HP: 27/27 MP: 1/1
   528 | D:1      | Found a faded altar of an unknown god.
   578 | D:1      | Reached skill level 4 in Fighting
   865 | D:2      | Reached XP level 3. HP: 30/33 MP: 2/2
  1153 | D:2      | Identified the +0 scale mail of Elyvilon's Reproof {Dex-2
                  | Slay+4 SInv}
  1302 | D:3      | Found a stormy altar of Qazlal.
  1603 | D:3      | Reached XP level 4. HP: 39/40 MP: 3/3
  2045 | D:3      | Reached XP level 5. HP: 43/47 MP: 4/4
  2160 | D:4      | Noticed a lemure
  2160 | D:4      | Noticed a lemure
  2222 | D:4      | Killed a lemure
  2422 | D:3      | Reached skill level 5 in Fighting
  2422 | D:3      | Reached skill level 5 in Armour
  2422 | D:3      | Reached skill level 5 in Shields
  2588 | D:4      | Noticed Pikel
  2588 | D:4      | Noticed a lemure
  2592 | D:4      | Noticed a lemure
  2599 | D:4      | Killed Pikel
  2600 | D:4      | Reached skill level 6 in Fighting
  2600 | D:4      | Reached skill level 5 in Polearms
  2600 | D:4      | Reached XP level 6. HP: 36/57 MP: 5/5
  2600 | D:4      | Reached XP level 7. HP: 40/63 MP: 6/6
  2604 | D:4      | Noticed Dowan
  3348 | D:4      | Noticed Duvessa
  3508 | D:4      | Killed Duvessa
  3516 | D:4      | Killed Dowan
  3517 | D:4      | Reached XP level 8. HP: 55/71 MP: 7/7
  3724 | D:5      | Entered Level 5 of the Dungeon
  3940 | D:5      | Reached skill level 5 in Dodging
  4237 | D:5      | Reached skill level 7 in Fighting
  4391 | D:5      | Noticed Grinder
  4402 | D:5      | Killed Grinder
  4456 | D:5      | Found a runed translucent door.
  4456 | D:5      | Noticed kyalle's ghost (novice NaFi)
  4591 | D:5      | Reached skill level 8 in Fighting
  5349 | D:6      | Reached XP level 9. HP: 82/82 MP: 8/8
  5461 | D:6      | Found a staircase to the Ecumenical Temple.
  5467 | Temple   | Entered the Ecumenical Temple
  5540 | Temple   | Became a worshipper of Warmaster Okawaru
  5800 | D:6      | Reached skill level 9 in Fighting
  6185 | D:7      | Noticed Maggie
  6205 | D:7      | Killed Maggie
  6205 | D:7      | Reached * piety under Okawaru
  6206 | D:7      | Reached skill level 10 in Fighting
  6206 | D:7      | Reached skill level 1 in Invocations
  6332 | D:7      | Noticed Menkaure
  6334 | D:7      | Killed Menkaure
  6354 | D:7      | Found a flagged portal.
  6375 | Bailey   | Entered a bailey
  6553 | Bailey   | Reached XP level 10. HP: 88/93 MP: 11/11
  6564 | Bailey   | Reached ** piety under Okawaru
  6903 | Bailey   | Noticed an orc warlord
  6904 | Bailey   | Noticed an orc knight
  6924 | Bailey   | Slain by an orc warlord

Illustrated notes

Levels and vault maps discovered:
D:1:      dpeg_arrival_more_subterranean_lakeside_camping, layout_basic,
          chequers_ecumenical_altar_simple
D:2:      layout_rooms, kennysheep_cluttered_room
D:3:      layout_basic, mainiacjoe_overflow_alcove_1
D:4:      layout_basic, uniq_duvessa, uniq_pikel
D:5:      minmay_spotlight, layout_basic, hellmonk_ghost_happy_afterlife,
          uniq_grinder
D:6:      minmay_razor_zed, layout_loops_ring, minmay_temple_entry_overgrown,
          minmay_fountain_box, chequers_serial_rivers_room_b
D:7:      layout_basic, enter_bailey_7, minmay_manual_mandibuliform,
          uniq_maggie, uniq_menkaure
Temple:   grunt_wide_crystal_templ
Bailey:   bailey_axe_minmay_hex_keep, bailey

Skill      XL: |  1  2  3  4  5  6  7  8  9 |
---------------+----------------------------+-----
Armour         | 4 5 6 7 |  7.0
Shields        | 4 5 7 |  7.0
Fighting       | 4 6 8 10 | 10.0
Polearms       | 3 5 6 7 |  7.0
Dodging        | 3 4 5 6 |  6.8
Evocations     | 2 3 4 |  4.8
Invocations    | 3 |  3.9

Action                   |  1- 3 |  4- 6 |  7- 9 | 10-12 || total
-------------------------+-------+-------+-------+-------++-------
Melee: Trident           |   104 |    36 |   269 |    90 ||   499
       Headbutt          |     6 |     4 |    48 |    11 ||    69
 Fire: Hunting sling     |     7 |     8 |    18 |       ||    33
Throw: Stone             |       |    10 |       |       ||    10
       Dart              |       |       |     6 |       ||     6
Invok: Heroism           |       |       |       |     1 ||     1
  Use: Scroll            |     1 |     2 |     4 |       ||     7
       Potion            |       |     1 |       |     2 ||     3
Armor: Scale mail        |    40 |    10 |    63 |    13 ||   126
Dodge: Dodged            |    40 |    18 |   101 |    31 ||   190
Block: Buckler           |    21 |     8 |    44 |    16 ||    89

Table legend: (Time is in decaauts)
 A = Elapsed time spent in this place.
 B = Non-inter-level travel time spent in this place.
 C = Inter-level travel time spent in this place.
 D = Time resting spent in this place.
 E = Time spent auto-exploring this place.
 F = Levels seen in this place.
 G = Mean time per level.
                   A        B        C        D        E       F      G
               +--------+--------+--------+--------+--------+-----+--------+
         Total |   6973 |   6677 |    296 |    802 |   4232 |   9 |  774.8 |
       Dungeon |   6360 |   6083 |    277 |    755 |   4012 |   7 |  908.6 |
        Temple |     78 |     59 |     19 |      0 |     37 |   1 |   78.0 |
        Bailey |    534 |    534 |      0 |     47 |    183 |   1 |  534.0 |
               +--------+--------+--------+--------+--------+-----+--------+

Top non-repeatable levels by time:
     D:3: 1478 daAuts
     D:5: 1357 daAuts
     D:6: 1021 daAuts
     D:4: 1002 daAuts
     D:1: 811 daAuts
  Bailey: 534 daAuts
     D:2: 489 daAuts
     D:7: 199 daAuts
  Temple: 78 daAuts
